 Dungeon Crawl Stone Soup version 0.32-a0-859-gb0a091d592 (webtiles) character file.

Game seed: 8537069580016899304

32 ytrimaz the Ruffian (level 3, -1/23 HPs)
             Began as an Octopode Shapeshifter on Mar 27, 2024.
             Constricted to death by a ball python (2 damage)
             ... on level 1 of the Dungeon.
             The game lasted 00:00:30 (415 turns).

ytrimaz the Ruffian (Octopode Shapeshifter)          Turns: 415, Time: 00:00:31

Health: -1/23      AC:  1    Str: 13    XL:     3   Next: 27%
Magic:  3/3        EV:  2    Int: 14    God:
Gold:   15         SH:  0    Dex: 11    Spells: 2/2 levels left

rFire   . .          .
                       - Unarmed
rCold   . . .        (no shield)
rNeg    . . .        (helmet currently unavailable)
rPois   .            (no amulet)
rElec   .            (no ring)
rCorr   .            (no ring)
SInv    .            (no ring)
Will    .....        (no ring)
Stlth   ++           (no ring)
HPRegen 0.23/turn    (no ring)
MPRegen 0.08/turn    (no ring)
                     (no ring)

%: no passive effects
@: beast-form, constricted
A: beast (slay +2), almost no armour, amphibious, 8 rings, camouflage 1,
gelatinous body 1, (nimble swimmer 1), tentacles
a: Begin Untransformation


You were on level 1 of the Dungeon.
You were a hulking beast.
You visited 1 branch of the dungeon, and saw 1 of its levels.

You collected 15 gold pieces.


Innate Abilities, Weirdness & Mutations

You are a hulking beast.
Your limbs bulge with bestial killing power. (Slay +2)
You cannot wear most types of armour.
You are amphibious.
You can wear up to eight rings at the same time.
Your skin changes colour to match your surroundings (Stealth+).
Your rubbery body absorbs attacks. (AC +1, EV +1)
((You are camouflaged when in or above water. (Stealth+)))
You have tentacles for arms and can constrict up to eight enemies at once.


   Skills:
 - Level 1.0 Fighting
 - Level 2.0 Dodging
 + Level 3.7 Unarmed Combat
 + Level 3.5 Shapeshifting


You had 2 spell levels left.
You didn't know any spells.
Your spell library was empty.

Inventory:

Talismans
 b - a beast talisman (active)
 c - a flux talisman
Scrolls
 d - a scroll of torment {unknown}
 f - a scroll of acquirement {unknown}
Potions
 a - a potion of might {unknown}
 e - 2 potions of heal wounds {unknown}

Dungeon Overview and Level Annotations

Branches:
Dungeon (1/15) Zot: 5587

Altars:

....................♣
###..#.###.#####.#######.
.....#.#...♣♣♣♣♣♣........
##...#.#[#......(.#######
##...#.#.#.♣♣♣♣♣♣........
##...#.#.### #.......[...
##....P#. #...).♣♣♣♣♣.
..♣P♣♣... #.....♣♣♣P♣
.P♣.♣♣.P.# #..hS.......
..PP. ♣.# #...b.♣♣♣♣♣# .P
. .# #.....♣ #.......
#....!... .......###
#########


You could see a bat and a ball python.


Message History

There is a stone staircase leading down here.
You open the door.
There is an open door here.
You open the door.
There is an open door here.
Key pressed, stopping explore.
You open the door.
There is an open door here.
A kobold comes into view. It is wielding a +0 short sword.
The kobold shouts!
A kobold is nearby!
A kobold is nearby!
A kobold is nearby!
The kobold hits you but does no damage.
You barely miss the kobold. You grab the kobold. You constrict the kobold.
The kobold closely misses you.
You tentacle-slap the kobold but do no damage.
You constrict the kobold.
You kill the kobold!
Things that are here:
a +0 short sword; a kobold corpse No target in view!
Unknown command.
Key pressed, stopping explore.
A kobold and a giant cockroach come into view.
There are monsters nearby!
A bat comes into view.
The giant cockroach barely misses you.
Unknown command.
You barely miss the giant cockroach. You grab the giant cockroach.
You tentacle-slap the giant cockroach. You squeeze the giant cockroach.
You kill the giant cockroach!
Things that are here:
a +0 sling; a giant cockroach corpse Unknown command.
A ball python comes into view.
The ball python hisses angrily.
The bat barely misses you.
The kobold shouts!
You closely miss the kobold. Your grab misses the kobold. The bat misses you.
The kobold hits you with a +3 dagger. 😕 HP[-3]
You take 3 damage, and now have 20/23 hp.
Unknown command.
You closely miss the kobold. Your grab misses the kobold. The bat misses you.
The ball python bites you.
The kobold hits you with a +3 dagger. 😮 HP[-6]
You take 6 damage, and now have 14/23 hp.
MASSIVE DAMAGE!! (PAUSE)
You are too injured to fight recklessly!
Unknown command.
You tentacle-slap the kobold. You grab the kobold.
You tentacle-slap the kobold.
You kill the kobold!
The bat barely misses you. The bat hits you but does no damage.
The ball python bites you.
The ball python closely misses you. 😮 HP[-1]
You take 1 damage, and now have 13/23 hp.
The ball python attacks as it pursues you!
The ball python closely misses you. The ball python misses you.
Things that are here:
a +3 dagger; a scroll labelled SAR QUDIZA 😮 HP[+1]
You closely miss the ball python. Your grab misses the ball python.
The bat misses you. The ball python bites you. The ball python grabs you.
The ball python constricts you.
* * * LOW HITPOINT WARNING * * *
😨 HP[-3]
You take 3 damage, and now have 11/23 hp.
You tentacle-slap the ball python. Your grab misses the ball python.
The bat hits you.
* * * LOW HITPOINT WARNING * * *
The bat barely misses you.
The ball python bites you but does no damage.
The ball python constricts you.
* * * LOW HITPOINT WARNING * * *
😨 HP[-2]
You take 2 damage, and now have 9/23 hp.
Unknown command.
You closely miss the ball python. Your grab misses the ball python.
Your squeeze misses the ball python. The bat hits you but does no damage.
The ball python bites you.
* * * LOW HITPOINT WARNING * * *
The ball python constricts you.
* * * LOW HITPOINT WARNING * * *
The ball python bites you.
* * * LOW HITPOINT WARNING * * *
The ball python constricts you.
* * * LOW HITPOINT WARNING * * *
Unknown command. 😱 HP[-5]
You take 5 damage, and now have 4/23 hp.
MASSIVE DAMAGE!! (PAUSE) Unknown command.
You barely miss the ball python. Your grab misses the ball python.
The bat hits you but does no damage. The ball python bites you.
* * * LOW HITPOINT WARNING * * *
The ball python constricts you.
You die...

Action                     || total
---------------------------++-------
  Melee: Unarmed           ||    45
         Punch             ||     4
         Constrict         ||    10
         Tentacles         ||     5
    Use: Potion            ||     1
   Stab: Sleeping          ||     1
 Armour: Skin              ||    42
  Dodge: Dodged            ||    35

Levels and vault maps discovered:
D:1:      dpeg_arrival_rooms_with_view, layout_basic,
          hellmonk_ecumenical_altar_pennies_from_heaven, serial_forest,
          infiniplex_forest_straight_2, infiniplex_forest_straight_4,
          infiniplex_forest_straight_2, infiniplex_forest_straight_4,
          infiniplex_forest_lined_room_2, infiniplex_forest_lined_ring,
          infiniplex_forest_clump_C

Notes
Turn   | Place    | Note
-------+----------+-------------------------------------------
     0 | D:1      | ytrimaz the Octopode Shapeshifter began the quest for the
                  | Orb.
     0 | D:1      | Reached XP level 1. HP: 13/13 MP: 1/1
     0 | D:1      | magus.rc [v1.9.6]
    77 | D:1      | Reached XP level 2. HP: 13/18 MP: 2/2
   172 | D:1      | Reached XP level 3. HP: 21/23 MP: 3/3
   414 | D:1      | HP: 5/23 [ball python (1)]
   415 | D:1      | HP: 1/23 [ball python (3)]
   415 | D:1      | Constricted to death by a ball python

Vanquished Creatures
  A gnoll (D:1)
  2 endoplasms (D:1)
  A giant cockroach (D:1)
  A goblin (D:1)
  4 jackals (D:1)
  3 kobolds (D:1)
  A quokka (D:1)
  A ball python (D:1)
  5 bats (D:1)
  A frilled lizard (D:1)
  A rat (D:1)
21 creatures vanquished.

Table legend:
 A = Non-vault XP
 B = Vault XP
 C = Vault XP percentage of total XP
 D = Non-vault monster count
 E = Vault monster count
 F = Vault count percentage of total count
                 A         B        C        D         E       F
            +---------+---------+-------+---------+---------+-------
      Total |      44 |       3 |   6.4 |      19 |       2 |   9.5
            +---------+---------+-------+---------+---------+-------
        D:1 |      44 |       3 |   6.4 |      19 |       2 |   9.5
            +---------+---------+-------+---------+---------+-------

Action                     || total
---------------------------++-------
  Melee: Unarmed           ||    45
         Punch             ||     4
         Constrict         ||    10
         Tentacles         ||     5
    Use: Potion            ||     1
   Stab: Sleeping          ||     1
 Armour: Skin              ||    42
  Dodge: Dodged            ||    35

Illustrated notes

Table legend:
 A = Kills in this place as a percentage of kills in the entire game.
 B = Kills by you in this place as a percentage of kills by you in the entire game.
 C = Kills by friends in this place as a percentage of kills by friends in the entire game.
 D = Other kills in this place as a percentage of other kills in the entire game.
 E = Experience gained in this place as a percentage of experience gained in the entire game.
 F = Experience gained in this place divided by the number of levels of this place that you have seen.
                   A       B       C       D       E      F
               +-------+-------+-------+-------+-------+----------------------
         Total | 100.0 | 100.0 |   N/A |   N/A | 100.0 |  47.0
       Dungeon | 100.0 | 100.0 |   N/A |   N/A | 100.0 |  47.0
               +-------+-------+-------+-------+-------+----------------------

Table legend: (Time is in decaauts)
 A = Elapsed time spent in this place.
 B = Non-inter-level travel time spent in this place.
 C = Inter-level travel time spent in this place.
 D = Time resting spent in this place.
 E = Time spent auto-exploring this place.
 F = Levels seen in this place.
 G = Mean time per level.
                   A        B        C        D        E       F      G
               +--------+--------+--------+--------+--------+-----+--------+
         Total |    412 |    412 |      0 |      0 |    310 |   1 |  412.0 |
       Dungeon |    412 |    412 |      0 |      0 |    310 |   1 |  412.0 |
               +--------+--------+--------+--------+--------+-----+--------+

Top non-repeatable levels by time:
     D:1: 412 daAuts
